 Dungeon Crawl Stone Soup version 0.24-a0-307-gf989941d98 (webtiles) character file.

Game seed: 289311109553665972

150 HAL9000 the Vexing (level 5, 0/24 HPs)
             Began as a Vine Stalker Enchanter on May 12, 2019.
             Slain by a wolf (1 damage)
             ... on level 3 of the Dungeon.
             The game lasted 00:03:12 (2400 turns).

HAL9000 the Vexing (Vine Stalker Enchanter)         Turns: 2400, Time: 00:03:13

Health: 0/24       AC:  4    Str: 11    XL:     5   Next: 32%
Magic:  0/9        EV: 12    Int: 16    God:
Gold:   122        SH:  0    Dex: 14    Spells: 2/8 levels left

rFire    . . .     SeeInvis .   c - +1 short sword (elec)
rCold    . . .     Gourm    .   (no shield)
rNeg     . . .     Faith    .   b - +0 robe
rPois    .         Spirit   +   j - +1 helmet
rElec    .         Reflect  .   (no cloak)
rCorr    .         Harm     .   (no gloves)
MR       .....                  (no boots)
Stlth    ++........             (no amulet)
HPRegen  0.48/turn              l - ring of flight
MPRegen  0.11/turn              (no ring)

@: no status effects
A: fangs 2, regeneration 1, magic shield, antimagic bite, no potion heal 3, rot
immunity
a: Evoke Flight


You were on level 3 of the Dungeon.
You were not hungry.

You visited 1 branch of the dungeon, and saw 3 of its levels.

You collected 122 gold pieces.

Inventory:

Hand Weapons
 a - a +1 dagger
 c - a +1 short sword of electrocution (weapon)
Missiles
 q - 2 javelins (quivered)
Armour
 b - a +0 robe (worn)
 j - a +1 helmet (worn)
Jewellery
 l - a ring of flight (left hand)
Wands
 r - a wand of disintegration (11)
Scrolls
 e - 7 scrolls of identify {unknown}
 g - a scroll of enchant weapon {unknown}
 i - 6 scrolls of remove curse {unknown}
 m - 2 scrolls of teleportation {unknown}
 n - a scroll of fear {unknown}
 o - a scroll of random uselessness {unknown}
 p - a scroll of magic mapping {unknown}
 s - a scroll of blinking {unknown}
Potions
 f - a potion of ambrosia {unknown}
 h - 2 potions of heal wounds {unknown}
 k - a potion of haste {unknown}
 t - a potion of lignification {unknown}
 v - a potion of invisibility {unknown}
Comestibles
 d - 5 rations
 u - 5 chunks of flesh


   Skills:
 + Level 2.8 Short Blades
 - Level 1.5 Dodging
 - Level 3.6 Stealth
 - Level 2.1 Spellcasting
 + Level 4.9 Hexes


You had 2 spell levels left.
You knew the following spells:

 Your Spells              Type           Power        Failure   Level  Hunger
a - Corona                Hex            ###....      2%          1    #......
b - Ensorcelled Hibernat  Hex/Ice        #.....       11%         2    ###....
c - Confuse               Hex            ###.....     9%          3    ###....

Your spell library contained the following spells:

 Spells                   Type           Power        Failure   Level  Hunger
 Tukima's Dance           Hex            ###.....     9%          3    ###....
 Dazzling Spray           Conj/Hex       #.....       22%         3    ###....


Dungeon Overview and Level Annotations

Branches:
Dungeon (3/15)

Altars:
Makhleb
Zin

Annotations:
D:3 3 runed translucent doors


Innate Abilities, Weirdness & Mutations

You have extremely sharp teeth.
Your natural rate of healing is unusually fast.
When hurt, damage is shared between your health and your magic reserves.
Your bite disrupts and absorbs the magic of your enemies.
Potions cannot restore your health.
You are immune to rotting.


Message History

You kill the jackal!
You hear some strange, mumbled words.
A puff of flame appears from out of thin air!
The puff of flame hits you.
The hobgoblin zaps a wand.
A wolf appears out of thin air!
Reactivating autopickup.
Items here: )) [ † a +0 short sword; a +0 leather armour; a +0 flail; a jackal corpse You closely miss the wolf.
Your bite misses the wolf. The wolf barely misses you.
You hit the wolf but do no damage. Your bite misses the wolf.
The wolf bites you! The wolf bites you.
* * * LOW HITPOINT WARNING * * *
You miss the wolf. You bite the wolf. You drain its power.
You feel invigorated.
The wolf is lightly wounded.
The wolf bites you!
* * * LOW HITPOINT WARNING * * *
The wolf bites you.
You die...
Z

#....#.##..###.## ..
#....##.##.#.#.####### #..
....##..##.##......... ..
..###...##.##.########
#####)..#.##.##.# #
.###.....###.##.##.##### ##
.........# #.##.##.....###.
######.#.###.##.##.###.#...
#..gh@.....##.# #.....
###.###.##....###.###. #.#
#.......##.## ## #o#
#........## # #h#
#........# #h#
##........###### ##### #h#
#...<.........## S...# .o#
#.....).......#. ###.#
#...............


You could see a wolf and a hobgoblin.

Vanquished Creatures
  An orc priest (D:3)
  3 adders (D:2)
  An ooze (D:3)
  2 worms (D:2)
  5 dart slugs
  A leopard gecko (D:1)
  6 orcs
  3 giant cockroaches
  4 goblins
  3 hobgoblins
  13 jackals
  9 bats
  5 frilled lizards
  4 kobolds
  5 rats
65 creatures vanquished.

Notes
Turn   | Place    | Note
-------+----------+-------------------------------------------
     0 | D:1      | HAL9000 the Vine Stalker Enchanter began the quest for the
                  | Orb.
     0 | D:1      | Reached XP level 1. HP: 9/9 MP: 4/4
   118 | D:1      | Reached XP level 2. HP: 13/13 MP: 6/6
   414 | D:1      | Reached skill level 4 in Hexes
   489 | D:1      | Reached skill level 1 in Short Blades
   506 | D:1      | Reached XP level 3. HP: 13/16 MP: 7/7
   517 | D:1      | Learned a level 2 spell: Ensorcelled Hibernation
   521 | D:1      | Learned a level 3 spell: Confuse
  1266 | D:2      | Gained mutation: Your natural rate of healing is unusually
                  | fast. [Vine Stalker growth]
  1266 | D:2      | Reached XP level 4. HP: 20/21 MP: 8/8
  1597 | D:2      | Found a burning altar of Makhleb.
  1762 | D:2      | Found a glowing silver altar of Zin.
  2293 | D:3      | Reached XP level 5. HP: 24/24 MP: 1/9
  2343 | D:3      | Found a runed translucent gate.
  2344 | D:3      | Found a runed translucent gate.
  2344 | D:3      | Found a runed translucent gate.
  2397 | D:3      | Noticed a wolf
  2400 | D:3      | HP: 1/24 [wolf (7)]
  2400 | D:3      | Slain by a wolf

Levels and vault maps discovered:
D:1:      dpeg_arrival_tiny_a, layout_loops_ring
D:2:      layout_basic, zin_treasury, lemuel_doored_altar,
          kennysheep_generic_room_8
D:3:      layout_loops_ring, lemuel_round_altar, gammafunk_ghost_icy

Skill      XL: |  1  2  3  4 |
---------------+-------------+-----
Hexes          | 4 |  4.9
Short Blades   | 1 2 |  2.8
Dodging        | |  1.5
Stealth        | |  3.6
Spellcasting   | |  2.1

Action                   |  1- 3 |  4- 6 || total
-------------------------+-------+-------++-------
Melee: Dagger            |    12 |       ||    12
       Bite              |    15 |    18 ||    33
       Short sword       |    70 |    86 ||   156
 Cast: Confuse           |     4 |     6 ||    10
 Stab: Sleeping          |     6 |       ||     6
       Confused          |     2 |       ||     2
  Eat: Chunk             |     2 |     4 ||     6
Armor: Robe              |    14 |    30 ||    44
Dodge: Dodged            |    58 |    82 ||   140

Table legend:
 A = Non-vault XP
 B = Vault XP
 C = Vault XP percentage of total XP
 D = Non-vault monster count
 E = Vault monster count
 F = Vault count percentage of total count
                 A         B        C        D         E       F
            +---------+---------+-------+---------+---------+-------
      Total |     202 |      13 |   6.0 |      64 |       1 |   1.5
            +---------+---------+-------+---------+---------+-------
        D:1 |      36 |       0 |   0.0 |      19 |       0 |   0.0
        D:2 |      84 |      13 |  13.4 |      28 |       1 |   3.4
        D:3 |      82 |       0 |   0.0 |      17 |       0 |   0.0
            +---------+---------+-------+---------+---------+-------
